 Dungeon Crawl Stone Soup version 0.25-a0-424-g80bd347ae0 (webtiles) character file.

Game seed: 5305280459251149359, levelgen mode: deterministic

9369 zorance the Ogre Mage (level 11, 0/115 HPs)
             Began as an Ogre Venom Mage on Jan 21, 2020.
             Was a Follower of Ashenzari.
             Slain by a six-headed hydra (13 damage)
             ... on level 11 of the Dungeon.
             The game lasted 00:51:30 (17982 turns).

zorance the Ogre Mage (Ogre Venom Mage)            Turns: 17982, Time: 00:51:31

Health: 0/115      AC:  7    Str: 19    XL:     11   Next: 45%
Magic:  13/25      EV: 10    Int: 19    God:    Ashenzari [*.....]
Gold:   676        SH:  0    Dex:  9    Spells: 14/30 levels left

rFire    . . .     SeeInvis .   u - +0 dagger (speed)
rCold    . . .     Gourm    .   (no shield)
rNeg     . . .     Faith    .   T - +2 robe {MR+} (curse)
rPois    .         Spirit   .   j - +2 hat (curse)
rElec    .         Reflect  .   (no cloak)
rCorr    .         Harm     .   (gloves unavailable)
MR       ++...                  (boots unavailable)
Stlth    ++........             M - amulet of regeneration
HPRegen  0.69/turn              q - +5 ring of strength
MPRegen  0.19/turn              v - ring of stealth

@: very slightly contaminated
A: large, unfitting armour, tough skin 1
a: Curse Item, Scrying, Renounce Religion


You were on level 11 of the Dungeon.
You worshipped Ashenzari.
Ashenzari was aware of your devotion.
You were not hungry.

You visited 2 branches of the dungeon, and saw 12 of its levels.

You collected 676 gold pieces.

Inventory:

Hand Weapons
 u - a +0 dagger of speed (weapon)
 S - a +4 dagger of venom
Missiles
 f - 34 poisoned darts (quivered)
 s - 5 atropa-tipped darts
 B - 6 curare-tipped darts
 R - 4 silver boomerangs
Armour
 j - a cursed +2 hat (worn)
 m - a +0 large shield
 T - a cursed +2 robe of magic resistance (worn)
Jewellery
 q - a +5 ring of strength (left hand)
 v - a ring of stealth (right hand)
 w - an uncursed ring of resist corrosion
 M - an amulet of regeneration (around neck)
 N - an uncursed ring of positive energy
 P - an uncursed ring of protection from cold
Wands
 E - a wand of iceblast (9)
 G - a wand of polymorph (7)
 O - a wand of digging (4)
 U - a wand of acid (6)
Scrolls
 b - a scroll of holy word
 c - a scroll of summoning
 d - 2 scrolls of enchant armour {unknown}
 g - 2 scrolls of identify
 k - 7 scrolls of teleportation
 l - 4 scrolls of amnesia
 n - 4 scrolls of remove curse
 r - 3 scrolls of fear
 t - 2 scrolls of magic mapping
 y - 2 scrolls of blinking
 A - 2 scrolls of fog
 K - 2 scrolls of random uselessness {unknown}
 L - a scroll of brand weapon
 Q - 2 scrolls of immolation
Potions
 i - 2 potions of flight
 o - 2 potions of agility
 p - a potion of invisibility
 x - a potion of brilliance
 z - 2 potions of curing
 C - a potion of ambrosia
 D - a potion of haste
 F - 2 potions of lignification
 H - a potion of might
 I - 2 potions of mutation
 J - a potion of magic
Comestibles
 e - 19 rations


   Skills:
 + Level 9.4 Fighting
 - Level 1.7 Dodging
 - Level 1.4 Stealth
 * Level 8.1 Shields
 - Level 10.0 Spellcasting
 * Level 1.9 Summonings
 - Level 2.0 Transmutations
 - Level 4.0 Air Magic
 - Level 8.2 Poison Magic


You had 14 spell levels left.
You knew the following spells:

 Your Spells              Type           Power        Failure   Level  Hunger
a - Beastly Appendage     Tmut           ###...       3%          1    None
b - Poisonous Vapours     Pois/Air       ####..       1%          2    None
c - Mephitic Cloud        Conj/Pois/Air  ####....     4%          3    None
d - Call Canine Familiar  Summ           ###.....     10%         3    None
g - Ignite Poison         Fire/Tmut/Pois ###.....     5%          3    None
h - Olgreb's Toxic Radia  Pois           #####...     2%          4    ##.....

Your spell library contained the following spells:

 Spells                   Type           Power        Failure   Level  Hunger
 Sting                    Tmut/Pois      ####         1%          1    None
 Spider Form              Tmut/Pois      ####......   2%          3    None
 Summon Small Mammal      Summ           ###.         3%          1    None
 Call Imp                 Summ           ###.....     4%          2    None
 Sticks to Snakes         Tmut           ###.....     4%          2    None
 Summon Guardian Golem    Hex/Summ       ##......     16%         3    None
 Summon Lightning Spire   Summ/Air       ###.....     22%         4    ##.....
 Ice Form                 Ice/Tmut       ##......     43%         4    ##.....
 Summon Ice Beast         Ice/Summ       ##......     45%         4    ##.....
 Blade Hands              Tmut           ###.......   65%         5    #####..


Dungeon Overview and Level Annotations

Branches:
Dungeon (11/15)            Temple (1/1) D:7             Orc (0/2) D:10
   Lair: D:8-11

Altars:
Ashenzari
Cheibriados
Dithmenos
Elyvilon
Fedhas
Gozag
Hepliaklqana
Kikubaaqudgha
Makhleb
Nemelex Xobeh
Okawaru
Qazlal
Ru
Sif Muna
Trog
Uskayaw
Vehumet
Wu Jian
Xom
Yredelemnul
Zin
The Shining One

Shops:
D:6 (:   D:8 !

Annotations:
D:6 1 exclusion
D:7 1 runed translucent door, exclusion: door, MewIchigo's ghost, novice GrMo
D:11 exclusion: cyclops


Innate Abilities, Weirdness & Mutations

You are too large for most types of armour.
You have tough skin. (AC +1)


Message History

The six-headed hydra bites you! x2; The six-headed hydra barely misses you.
The six-headed hydra bites you.
You hit the six-headed hydra.
The six-headed hydra is lightly wounded.
The six-headed hydra is engulfed in blazing flames.
The six-headed hydra bites you! The six-headed hydra bites you.
The six-headed hydra bites you but does no damage.
The six-headed hydra bites you!
* * * LOW HITPOINT WARNING * * *
The six-headed hydra bites you but does no damage. x2
You barely miss the six-headed hydra.
The six-headed hydra is moderately wounded.
The six-headed hydra is engulfed in blazing flames.
The six-headed hydra closely misses you.
The six-headed hydra barely misses you. The six-headed hydra bites you.
* * * LOW HITPOINT WARNING * * *
The six-headed hydra bites you!
* * * LOW HITPOINT WARNING * * *
The six-headed hydra misses you. The six-headed hydra bites you!
You die...

...... ..........
..### ...## ..........
### #.... ###.........
#...# ##..........
##....##$........# #.
#.....☼☼.........# ..Z
#.....☼○☼........#..P.
#....°D..............
#....@..............
##.....#......#....
##....#####.## ..
##.... ### ##...# ..
##!.. .. #.... # #.
##...# ##.#


You could see a six-headed hydra.

Vanquished Creatures
  A hydra (D:11)
  2 two-headed ogres (D:9)
  An unseen horror (D:10)
  A centaur skeleton (D:10)
  Grinder (D:6)
  A spriggan (D:7)
  11 yaks (D:10)
  2 hungry ghosts (D:8)
  2 water moccasins (D:10)
  A sky beast (D:5)
  A black bear (D:8)
  An eye of draining (D:9)
  4 orc warriors
  2 phantoms
  2 ice beasts
  A necrophage (D:3)
  7 ogres
  3 centaurs
  Blork the orc (D:6)
  6 bullfrogs
  A gnoll sergeant (D:7)
  2 scorpions (D:10)
  2 howler monkeys
  2 bullfrog zombies (D:5)
  2 lava snakes (D:7)
  2 crimson imps
  4 hounds
  3 jellies
  8 orc wizards
  2 quasits (D:10)
  A bullfrog skeleton (D:9)
  5 orc priests
  9 worker ants
  A killer bee zombie (D:6)
  3 hound skeletons
  A worker ant zombie (D:9)
  3 howler monkey skeletons
  10 gnolls
  15 adders
  3 shadow imps
  An ooze (D:5)
  3 adder zombies
  An adder skeleton (D:4)
  5 worms
  4 dart slugs
  7 leopard geckos
  52 orcs
  3 ball pythons
  9 giant cockroaches
  9 hobgoblins
  11 jackals
  6 quokkas
  A ball python skeleton (D:4)
  9 bats
  5 frilled lizards
  4 goblins
  3 kobolds
  A leopard gecko skeleton (D:5)
  A leopard gecko zombie (D:7)
  A quokka skeleton (D:7)
  A quokka zombie (D:5)
  8 rats
275 creatures vanquished.

Vanquished Creatures (collateral kills)
  A crimson imp (D:6)
1 creature vanquished.

Grand Total: 276 creatures vanquished

Notes
Turn   | Place    | Note
-------+----------+-------------------------------------------
     0 | D:1      | zorance the Ogre Venom Mage began the quest for the Orb.
     0 | D:1      | Reached XP level 1. HP: 16/16 MP: 3/3
   206 | D:1      | Reached XP level 2. HP: 21/24 MP: 2/5
   976 | D:2      | Reached XP level 3. HP: 31/31 MP: 4/7
   980 | D:2      | Learned a level 2 spell: Poisonous Vapours
   984 | D:2      | Learned a level 3 spell: Mephitic Cloud
  1063 | D:2      | Reached skill level 3 in Spellcasting
  1138 | D:2      | Reached skill level 1 in Air Magic
  1429 | D:2      | Reached XP level 4. HP: 39/39 MP: 5/8
  1438 | D:2      | Learned a level 3 spell: Ignite Poison
  1940 | D:2      | Found a shimmering altar of Xom.
  2266 | D:3      | Reached XP level 5. HP: 41/45 MP: 0/10
  2592 | D:3      | Noticed a necrophage
  2610 | D:3      | Killed a necrophage
  2660 | D:3      | Noticed a centaur
  2670 | D:3      | Killed a centaur
  2670 | D:3      | Reached XP level 6. HP: 25/53 MP: 2/11
  2942 | D:3      | Reached skill level 4 in Spellcasting
  3453 | D:3      | Learned a level 4 spell: Olgreb's Toxic Radiance
  3766 | D:4      | Reached skill level 5 in Poison Magic
  4197 | D:4      | Reached XP level 7. HP: 59/59 MP: 8/13
  4444 | D:4      | Found a stormy altar of Qazlal.
  4916 | D:5      | Entered Level 5 of the Dungeon
  5099 | D:5      | Reached skill level 5 in Spellcasting
  5543 | D:5      | Reached XP level 8. HP: 67/67 MP: 3/16
  5900 | D:5      | Reached skill level 6 in Spellcasting
  6460 | D:5      | Found an iron altar of Okawaru.
  6694 | D:6      | Noticed Grinder
  6716 | D:6      | Noticed Blork the orc
  6745 | D:6      | Killed Blork the orc
  6749 | D:6      | Killed Grinder
  7041 | D:6      | Found Tydgh's Book Boutique.
  7525 | D:6      | Found an ancient bone altar of Kikubaaqudgha.
  7641 | D:6      | Found Nol Ziec's Weapon Shop.
  7866 | D:6      | Reached skill level 1 in Fighting
  7866 | D:6      | Reached skill level 7 in Spellcasting
  7866 | D:6      | Reached XP level 9. HP: 46/79 MP: 1/19
  8508 | D:7      | Found a staircase to the Ecumenical Temple.
  8515 | Temple   | Entered the Ecumenical Temple
  8691 | Temple   | Became a worshipper of Ashenzari the Shackled
  8823 | D:7      | Found a runed translucent door.
  8824 | D:7      | Noticed MewIchigo's ghost (novice GrMo)
  8825 | D:7      | Identified the ring of Harmony {+Inv MP+9 Str+2}
 10600 | D:7      | Reached skill level 1 in Transmutations
 11462 | D:7      | Reached skill level 8 in Spellcasting
 11466 | D:7      | Found a sacrificial altar of Ru.
 11798 | D:8      | Learned a level 1 spell: Beastly Appendage
 11841 | D:8      | Reached skill level 1 in Shields
 12145 | D:8      | Reached skill level 5 in Fighting
 12515 | D:8      | Found a bloodstained altar of Trog.
 12728 | D:8      | Found Toajynur's Distillery.
 12731 | D:8      | Reached * piety under Ashenzari
 13057 | D:8      | Found a blossoming altar of Fedhas.
 13059 | D:8      | Found a hazy altar of Hepliaklqana.
 13153 | D:8      | Reached XP level 10. HP: 98/98 MP: 13/22
 13889 | D:9      | Noticed a two-headed ogre
 13898 | D:9      | Killed a two-headed ogre
 13898 | D:9      | Reached skill level 9 in Spellcasting
 14548 | D:9      | Noticed a two-headed ogre
 14554 | D:9      | Killed a two-headed ogre
 14554 | D:9      | Reached skill level 5 in Shields
 14744 | D:10     | Entered Level 10 of the Dungeon
 14874 | D:10     | Killed an unseen horror
 15547 | D:10     | Reached XP level 11. HP: 90/111 MP: 11/24
 15668 | D:10     | Reached skill level 10 in Spellcasting
 15903 | D:10     | Identified the cursed +0 chain mail of the Harvest Moon
                  | {Int+2}
 16154 | D:10     | Found a staircase to the Orcish Mines.
 16648 | D:10     | Learned a level 3 spell: Call Canine Familiar
 16926 | D:6      | Identified the cursed +0 chain mail of the Harvest Moon
                  | {Int+2}
 17351 | D:11     | Noticed a cyclops
 17610 | D:11     | Noticed a seven-headed hydra
 17641 | D:11     | HP: 4/115 [seven-headed hydra (7)]
 17642 | D:11     | Killed a seven-headed hydra
 17642 | D:11     | Reached skill level 1 in Summonings
 17972 | D:11     | Noticed a six-headed hydra
 17982 | D:11     | Slain by a six-headed hydra

Levels and vault maps discovered:
D:1:      wander_arrival_peaceful_grave, layout_rooms, serial_bayou_lagoon_b
D:2:      layout_basic, tgw_xom, first_ration, minmay_misc_feat_alley
D:3:      layout_basic, portal_sewer_entry_d
D:4:      layout_basic, kennysheep_little_box
D:5:      layout_rooms, okawaru_gym_becter
D:6:      layout_basic, kennysheep_mini, serial_shops, nicolae_shop_waterfront,
          shop, corexii_leaking_fountain, uniq_grinder, uniq_blork_the_orc
D:7:      layout_loops_corners, nicolae_ru_path_of_blood,
          minmay_temple_entry_wispy, ebering_ghost_inner_flame, the_bakery,
          dk_noncrumbling_4, wad_floor_pattern_untrapped, kennysheep_minor_cross
D:8:      layout_loops_corners, old_standard_altar,
          gammafunk_temple_overflow_pools, serial_shops, kennysheep_mini_moat
D:9:      layout_basic
D:10:     kennysheep_blocky_room, layout_loops_ring, hiddenorc1_lemuel
D:11:     layout_cave_pods, david_lair_generic, serial_shops, shop,
          minmay_strange_pillars
Temple:   eino_narrow_crystal_temple

Skill      XL: |  1  2  3  4  5  6  7  8  9 10 11 |
---------------+----------------------------------+-----
Poison Magic   | 3 4 5 6 8 |  8.2
Spellcasting   | 3 4 5 7 8 9 10 | 10.0
Air Magic      | 1 2 3 4 |  4.0
Fighting       | 1 5 8 9 |  9.4
Transmutations | 2 |  2.0
Shields        | 3 6 8 |  8.1
Summonings     | 1 |  1.9
Dodging        | |  1.7
Stealth        | |  1.4

Action                   |  1- 3 |  4- 6 |  7- 9 | 10-12 || total
-------------------------+-------+-------+-------+-------++-------
Melee: Unarmed           |     5 |       |       |       ||     5
       Spear             |     1 |    16 |       |       ||    17
       Dagger            |       |    57 |   858 |   181 ||  1096
       Headbutt          |       |       |     8 |    12 ||    20
       Kick              |       |       |       |    11 ||    11
Throw: Dart              |    28 |    23 |       |     1 ||    52
 Cast: Sting             |    38 |    41 |       |       ||    79
       Poisonous Vapours |       |    47 |   143 |    93 ||   283
       Mephitic Cloud    |       |     1 |    24 |    25 ||    50
       Ignite Poison     |       |     1 |    20 |    21 ||    42
       Olgreb's Toxic Ra |       |       |     7 |     5 ||    12
       Beastly Appendage |       |       |     3 |     9 ||    12
       Call Canine Famil |       |       |       |     2 ||     2
Invok: Curse Item        |       |       |       |     2 ||     2
  Use: Scroll            |       |       |    18 |     6 ||    24
       Potion            |       |       |       |     1 ||     1
 Stab: Sleeping          |       |     1 |       |     1 ||     2
  Eat: Chunk             |     1 |    11 |    25 |    16 ||    53
       Ration            |       |       |     2 |       ||     2
Armor: Robe              |    17 |    20 |   171 |    72 ||   280
Dodge: Dodged            |    19 |    41 |   260 |    97 ||   417

Table legend:
 A = Non-vault XP
 B = Vault XP
 C = Vault XP percentage of total XP
 D = Non-vault monster count
 E = Vault monster count
 F = Vault count percentage of total count
                 A         B        C        D         E       F
            +---------+---------+-------+---------+---------+-------
      Total |   11775 |    1610 |  12.0 |     243 |      33 |  12.0
            +---------+---------+-------+---------+---------+-------
        D:1 |      28 |       0 |   0.0 |      15 |       0 |   0.0
        D:2 |      85 |      11 |  11.5 |      22 |       6 |  21.4
        D:3 |     308 |      13 |   4.0 |      29 |       1 |   3.3
        D:4 |     312 |       0 |   0.0 |      32 |       0 |   0.0
        D:5 |    1000 |       0 |   0.0 |      31 |       0 |   0.0
        D:6 |     620 |     361 |  36.8 |      20 |       2 |   9.1
        D:7 |     772 |     215 |  21.8 |      25 |       1 |   3.8
        D:8 |    1121 |       0 |   0.0 |      19 |       0 |   0.0
        D:9 |    2525 |       0 |   0.0 |      20 |       0 |   0.0
       D:10 |    3617 |    1010 |  21.8 |      21 |      23 |  52.3
       D:11 |    1387 |       0 |   0.0 |       9 |       0 |   0.0
            +---------+---------+-------+---------+---------+-------
